 Dungeon Crawl Stone Soup version 0.26-a0-940-gf7e0b5f775 (webtiles) character file.

Game seed: 3412397665456893128

104346 marklar909 the Brawler (level 15, -29/149 HPs)
             Began as a Troll Monk on Nov 27, 2020.
             Was an Initiate of Gozag.
             Annihilated by a titanic slime creature (93 damage)
             ... on level 15 of the Dungeon on Nov 28, 2020.
             The game lasted 00:51:51 (23366 turns).

marklar909 the Brawler (Troll Monk)                Turns: 23366, Time: 00:51:51

Health: -29/149    AC: 10    Str: 23    XL:     15   Next: 91%
Magic:  15/15      EV: 16    Int:  6    God:    Gozag
Gold:   3387       SH:  0    Dex: 17    Spells: 15/15 levels left

rFire    + + +     SeeInvis .     - Unarmed
rCold    + + .     Faith    .   c - +1 tower shield {rF+}
rNeg     . . .     Spirit   .   U - +2 robe {rC+ rF+}
rPois    +         Reflect  .   y - +2 hat
rElec    +         Harm     .   s - scarf {shadows}
rCorr    +         Rampage  .   (gloves unavailable)
MR       +....                  (boots unavailable)
Stlth    +.........             m - amulet of the acrobat
HPRegen  0.74/turn              C - ring of poison resistance
MPRegen  0.14/turn              J - +4 ring of slaying

@: confused, mighty, resistant, marked, studying Shields
A: large, unfitting armour, claws 3, regeneration 1, shaggy fur 1, tough skin 3
a: Potion Petition, Call Merchant, Bribe Branch, Renounce Religion


You were on level 15 of the Dungeon.
You worshipped Gozag.
Gozag was most pleased with you.
You visited 3 branches of the dungeon, and saw 22 of its levels.
You also visited: Sewer.

You collected 7080 gold pieces.
You spent 849 gold pieces at shops.
You paid 2844 gold pieces to Gozag.

Inventory:

Hand Weapons
 a - a +7 vorpal flail
Missiles
 u - 16 large rocks (quivered)
 E - 2 throwing nets
 F - 11 javelins
Armour
 c - a +1 tower shield of fire resistance (worn)
 r - a +2 cloak
 s - a scarf of shadows (worn)
 y - a +2 hat (worn)
 U - a +2 robe of resistance (worn)
Jewellery
 e - an uncursed ring of flight
 m - an amulet of the acrobat (around neck)
 C - a ring of poison resistance (left claw)
 G - an uncursed ring of positive energy
 J - a +4 ring of slaying (right claw)
Wands
 k - a wand of paralysis (9)
 l - a wand of enslavement (10)
 q - a wand of flame (56)
 v - a wand of digging (7)
 L - a wand of iceblast (15)
 N - a wand of disintegration (41)
Scrolls
 b - 10 scrolls of teleportation
 d - 6 scrolls of identify
 f - a scroll of fear
 g - 8 scrolls of remove curse
 h - 2 scrolls of amnesia
 j - a scroll of magic mapping
 x - 3 scrolls of fog
 A - a scroll of acquirement
Potions
 i - 16 potions of curing
 n - 5 potions of lignification
 o - 4 potions of flight
 p - 2 potions of ambrosia
 t - 2 potions of attraction
 w - a potion of might
 z - 3 potions of brilliance
 I - 4 potions of heal wounds
 R - a potion of magic
 X - 3 potions of cancellation
Books
 K - a manual of Shields


   Skills:
 * Level 10.1 Fighting
 + Level 3.1 Maces & Flails
 * Level 6.3 Throwing
 + Level 1.0 Armour
 * Level 10.6 Dodging
 + Level 4.7 Stealth
 * Level 12.9 Shields
 + Level 15.7 Unarmed Combat
 + Level 0.9 Spellcasting
 + Level 1.1 Earth Magic
 + Level 2.2 Evocations


You had 15 spell levels left.
You didn't know any spells.
Your spell library contained the following spells:

 Spells                   Type           Power        Failure   Level
 Animate Skeleton         Necr           #.....       58%         1
 Apportation              Tloc           #.....       58%         1
 Corona                   Hex            #......      58%         1
 Summon Small Mammal      Summ           #...         58%         1
 Ensorcelled Hibernation  Hex/Ice        #.....       73%         2
 Confusing Touch          Hex            #.......     91%         3
 Dazzling Flash           Conj/Hex       #.....       91%         3
 Tukima's Dance           Hex            #.......     91%         3


Dungeon Overview and Level Annotations

Branches:
Dungeon (15/15)            Temple (0/1) D:6            Lair (6/6) D:11
  Swamp (0/4) Lair:4        Snake (0/4) Lair:4          Orc (2/2) D:11
    Elf (0/3) Orc:2         Sewer (visited)
  Slime: Lair:5-6    Vaults: D:13-14     Depths: D:15

Altars:
Ashenzari
Elyvilon
Fedhas
Gozag
Okawaru
Qazlal
Trog
Uskayaw
Wu Jian
Yredelemnul
The Shining One

Shops:
D:8 !   D:9 *   Orc:2 [?([

Annotations:
D:15 3 runed translucent doors, Sapheram's ghost, journeyman DsGl
Lair:1 exclusion: oklob plant
Lair:4 3 runed translucent doors, Grenfur's ghost, journeyman MiBe; Tarl's ghost, journeyman MiFi


Innate Abilities, Weirdness & Mutations

You are too large for most types of armour.
You have claws for hands.
Your natural rate of healing is unusually fast.
You are covered in fur. (AC +1)
You have extremely tough skin. (AC +3)


Message History

The ogre mage hits you.
Unknown command.
You bump into the crystal wall.
The wind drake changes into a manticore!
The titanic slime creature hits you!! The ogre mage closely misses you.
The spriggan misses you.
Unknown command.
You miss the spriggan.
The salamander is no longer distracted by gold.
The titanic slime creature misses you. Something hits you.
The ogre mage hits you but does no damage.
Unknown command.
You claw the titanic slime creature!
The titanic slime creature is severely wounded.
The spriggan hits you!
A white ugly thing comes into view.
Something hits you. The titanic slime creature hits you!!!!
Ouch! That really hurt!
You die...
Your body crumbles into a pile of gold.

#..#....#..........#
#.......
#..#....#..........#
#......)
#..#....#..........#
#####'##
#..#....#.#######..#
#.....#
#..#....#..........#
#.....#
#..#....#..........#
#.....#
#..'....#..........#
#.....#
...#)...#......iO{.#
#.....#
####....####'###@###
#.....#
.W##....##....##J#
#.....#
..##....##...##NHO
#.....#
..#..........#.gO..
#......
(}#..........#.....#
#......
..#..........##.O.##
#......
#...........##u##
#......
...........###
#...... .###...#####
#....##


You could see a white ugly thing, a salamander shaped shifter, a titanic slime
creature, 2 two-headed ogres, an ogre mage (summoned), a manticore shaped
shifter, an ogre (summoned), a spriggan shaped shifter and a boggart.

Vanquished Creatures
  Jorgrun (Orc:1)
  Gastronok (D:9)
  An orc warlord (Orc:2)
  Azrael (D:12)
  5 ogre magi
  A fire dragon (Lair:6)
  2 boulder beetles (D:9)
  A catoblepas (D:15)
  2 centaur warriors
  9 hydras
  16 two-headed ogres
  4 death yaks (Lair:4)
  Urug (Orc:1)
  A fire crab (Lair:6)
  8 skeletal warriors
  2 unseen horrors
  2 deep trolls (D:9)
  2 lindwurms (Lair:5)
  A deep elf mage (D:15)
  An orc knight (Orc:2)
  2 ugly things
  2 orc sorcerers
  An oklob plant (Lair:2)
  4 cyclopes
  3 elephants (Lair:5)
  7 black mambas
  A gargoyle (D:15)
  2 molten gargoyles (Lair:6)
  Joseph (D:9)
  16 cane toads
  A kobold demonologist (D:11)
  8 rime drakes
  14 komodo dragons
  4 trolls
  2 polar bears
  Grinder (D:3)
  2 hornets
  3 slime creatures (D:15)
  4 blink frogs (Lair:6)
  3 wraiths
  6 wyverns
  Sigmund (D:2)
  2 vampires
  2 fire elementals (D:12)
  2 humans (D:7)
  19 yaks
  9 basilisks
  7 vampire mosquitoes (Lair:4)
  4 steam dragons
  3 wargs
  2 acid dragons (D:15)
  3 nagas (Lair:4)
  2 soldier ants (D:12)
  5 hell hounds
  17 water moccasins
  3 ice beasts
  A hornet zombie (D:7)
  17 orc warriors
  2 phantoms
  5 sky beasts
  A boggart (D:9)
  2 eyes of draining
  35 ogres
  17 wolves
  5 centaurs
  11 bullfrogs
  A big kobold (D:11)
  A wyvern zombie (D:12)
  6 scorpions
  9 killer bees
  18 wights
  3 howler monkeys
  2 electric eels
  2 bullfrog zombies
  2 centaur zombies
  5 lava snakes (Lair:6)
  3 jellies
  A quasit (D:12)
  7 hounds
  20 orc priests
  Crazy Yiuf (D:4)
  A centaur skeleton (D:6)
  2 bullfrog skeletons (D:12)
  Jessica (D:2)
  Terence (D:2)
  3 iguanas
  8 orc wizards
  10 worker ants
  Ijyb (D:3)
  A hound zombie (D:9)
  A hound skeleton (D:4)
  2 howler monkey zombies
  7 gnolls
  A howler monkey skeleton (D:7)
  8 adders
  3 shadow imps
  A white imp (D:10)
  2 ufetubi
  5 oozes
  8 worms
  2 adder skeletons
  4 dart slugs (D:1)
  7 leopard geckos
  82 orcs
  2 ball pythons
  9 giant cockroaches
  5 goblins
  11 hobgoblins
  20 jackals
  13 kobolds
  A ball python skeleton (D:5)
  19 bats
  5 frilled lizards
  A leopard gecko skeleton (D:4)
  A quokka skeleton (D:5)
  9 rats
664 creatures vanquished.

Vanquished Creatures (collateral kills)
  A worm (D:3)
  A giant cockroach (D:3)
2 creatures vanquished.

Vanquished Creatures (others)
  A hell hound (D:12)
  An orc (D:12)
  15 fungi
  27 plants
  4 withered plants (Lair:4)
48 creatures vanquished.

Grand Total: 714 creatures vanquished

Notes
Turn   | Place    | Note
-------+----------+-------------------------------------------
     0 | D:1      | marklar909 the Troll Monk began the quest for the Orb.
     0 | D:1      | Reached XP level 1. HP: 22/22 MP: 0/0
    43 | D:1      | Reached XP level 2. HP: 19/29 MP: 1/1
   579 | D:1      | Reached XP level 3. HP: 36/36 MP: 2/2
   959 | D:2      | Noticed Jessica
   974 | D:2      | Killed Jessica
   975 | D:2      | Reached skill level 4 in Unarmed Combat
   975 | D:2      | Reached XP level 4. HP: 33/44 MP: 3/3
  1176 | D:2      | Noticed Sigmund
  1185 | D:2      | Killed Sigmund
  1186 | D:2      | Reached skill level 5 in Unarmed Combat
  1186 | D:2      | Reached XP level 5. HP: 48/52 MP: 4/4
  1186 | D:2      | Reached XP level 6. HP: 55/59 MP: 5/5
  1272 | D:2      | Noticed Terence
  1280 | D:2      | Killed Terence
  1757 | D:3      | Noticed Ijyb
  1768 | D:3      | Killed Ijyb
  1831 | D:3      | Noticed Grinder
  1928 | D:4      | Found a runed translucent door.
  1929 | D:4      | Noticed Crazy Yiuf
  2007 | D:4      | Reached XP level 7. HP: 54/67 MP: 6/6
  2013 | D:4      | Reached skill level 6 in Unarmed Combat
  2267 | D:4      | Found a glowing drain.
  2278 | Sewer    | Entered a sewer
  3000 | D:4      | Reached skill level 7 in Unarmed Combat
  3199 | D:4      | Killed Crazy Yiuf
  3243 | D:5      | Entered Level 5 of the Dungeon
  3260 | D:5      | Reached XP level 8. HP: 64/75 MP: 7/7
  3317 | D:5      | Found a stormy altar of Qazlal.
  3366 | D:5      | Reached skill level 5 in Dodging
  3449 | D:5      | Found an opulent altar of Gozag.
  3458 | D:5      | Noticed an air elemental
  3516 | D:5      | Found a hide-covered altar of Uskayaw.
  3863 | D:5      | Became a worshipper of Gozag Ym Sagoz the Greedy
  3914 | D:3      | Found a basalt altar of Yredelemnul.
  3993 | D:3      | Paralysed by Grinder for 6 turns
  4010 | D:3      | Killed Grinder
  4011 | D:3      | Reached skill level 8 in Unarmed Combat
  4190 | D:6      | Reached skill level 1 in Shields
  4302 | D:6      | Found a staircase to the Ecumenical Temple.
  4888 | D:7      | Reached XP level 9. HP: 84/84 MP: 8/8
  5000 | D:7      | Found an iron altar of Okawaru.
  5013 | D:7      | Reached skill level 9 in Unarmed Combat
  6137 | D:8      | Found a basalt altar of Yredelemnul.
  6157 | D:8      | Found Visey's Distillery.
  6166 | D:8      | Bought a potion of degeneration for 14 gold pieces
  6173 | D:8      | Bought a potion of berserk rage for 70 gold pieces
  6173 | D:8      | Bought a potion of brilliance for 56 gold pieces
  6173 | D:8      | Bought a potion of attraction for 42 gold pieces
  6173 | D:8      | Bought a potion of ambrosia for 112 gold pieces
  6187 | D:8      | Reached skill level 5 in Fighting
  6304 | D:8      | You fall into a shaft and drop 3 floors!
  6308 | D:10     | Entered Level 10 of the Dungeon
  6311 | D:10     | Noticed a troll
  6323 | D:10     | Killed a troll
  6422 | D:9      | Found a broken altar of Ashenzari.
  6642 | D:8      | Reached XP level 10. HP: 96/96 MP: 9/9
  6796 | D:8      | Reached skill level 10 in Unarmed Combat
  7093 | D:8      | Found a glowing golden altar of the Shining One.
  7097 | D:8      | Found an ornate altar of the Wu Jian Council.
  7178 | D:8      | Got a transparent robe
  7266 | D:6      | Identified the cursed +0 robe of the Apprentice {Regen+
                  | rCorr Stlth+} (You found it on level 8 of the Dungeon)
  7357 | D:9      | Noticed Joseph
  7731 | D:9      | Killed an unseen horror
  7854 | D:9      | Killed Joseph
  7866 | D:9      | Found the +6 arbalest "Damnation" {damnation}
  7870 | D:9      | Found Hesefrimp's General Store.
  7904 | D:9      | Bought 4 javelins for 44 gold pieces
  7904 | D:9      | Bought a potion of curing for 42 gold pieces
  7950 | D:9      | Noticed Gastronok
  7962 | D:9      | Killed Gastronok
  7963 | D:9      | Reached skill level 11 in Unarmed Combat
  7963 | D:9      | Reached skill level 1 in Evocations
  8073 | D:9      | Noticed a boulder beetle
  8081 | D:9      | Killed a boulder beetle
  8082 | D:9      | Reached XP level 11. HP: 105/105 MP: 10/10
  8085 | D:9      | Noticed a centaur warrior
  8095 | D:9      | Killed a centaur warrior
  8096 | D:9      | Reached skill level 5 in Shields
  8219 | D:9      | Noticed a deep troll
  8219 | D:9      | Noticed a deep troll
  8224 | D:9      | Killed a deep troll
  8225 | D:9      | Noticed a boulder beetle
  8232 | D:9      | Killed a deep troll
  8242 | D:9      | Killed a boulder beetle
  8243 | D:9      | Reached skill level 12 in Unarmed Combat
  8832 | D:9      | Got a twisted spear
  8884 | D:9      | Got a translucent demon trident
  9247 | D:10     | Identified a scroll of acquirement
  9247 | D:10     | Acquired a manual of Shields
 10129 | D:11     | Noticed a cyan ugly thing
 10151 | D:11     | Killed a cyan ugly thing
 10249 | D:11     | Found a staircase to the Lair.
 10398 | D:11     | Noticed a skeletal warrior
 10410 | D:11     | Killed a skeletal warrior
 10417 | D:11     | Reached XP level 12. HP: 92/118 MP: 11/11
 10484 | D:11     | Reached skill level 13 in Unarmed Combat
 10695 | D:11     | Found a staircase to the Orcish Mines.
 11053 | Lair:1   | Entered Level 1 of the Lair of Beasts
 11663 | Lair:1   | Found a blossoming altar of Fedhas.
 11778 | Lair:1   | Got a silken robe
 11779 | Lair:1   | Identified the +1 robe of the Evening {rN+} (You found it
                  | on level 1 of the Lair of Beasts)
 12371 | Lair:2   | Found a white marble altar of Elyvilon.
 12862 | Lair:3   | Noticed a five-headed hydra
 12878 | Lair:3   | Killed a five-headed hydra
 12970 | Lair:3   | Reached skill level 1 in Throwing
 13075 | Lair:3   | Reached skill level 1 in Maces & Flails
 13558 | Lair:3   | Noticed a seven-headed hydra
 13574 | Lair:3   | Killed a seven-headed hydra
 13575 | Lair:3   | Reached XP level 13. HP: 54/127 MP: 12/12
 13849 | D:11     | Reached skill level 1 in Armour
 13849 | D:11     | Reached skill level 1 in Earth Magic
 13849 | D:11     | Reached XP level 14. HP: 137/137 MP: 12/14
 14402 | Lair:4   | Found a gate leading to a gauntlet.
 14511 | Lair:4   | Found a runed translucent gate.
 14512 | Lair:4   | Found a runed translucent gate.
 14513 | Lair:4   | Found a runed translucent gate.
 14518 | Lair:4   | Noticed Grenfur's ghost (journeyman MiBe)
 14518 | Lair:4   | Noticed Tarl's ghost (journeyman MiFi)
 14711 | Lair:4   | Found a staircase to the Snake Pit.
 14803 | Lair:4   | Reached skill level 10 in Shields
 14803 | Lair:4   | Reached skill level 14 in Unarmed Combat
 14866 | Lair:4   | Found a staircase to the Swamp.
 16661 | Lair:6   | Entered Level 6 of the Lair of Beasts
 18023 | Lair:6   | Found a large runed translucent door.
 18023 | Lair:6   | Found a large runed translucent door.
 18753 | Orc:1    | Entered Level 1 of the Orcish Mines
 18790 | Orc:1    | You fall into a shaft and drop 1 floor!
 18790 | Orc:2    | Entered Level 2 of the Orcish Mines
 19067 | Orc:2    | Reached skill level 10 in Dodging
 19088 | Orc:2    | Found a staircase to the Elven Halls.
 19244 | Orc:1    | Noticed Jorgrun
 19263 | Orc:1    | Killed Jorgrun
 19264 | Orc:1    | Reached skill level 5 in Throwing
 19264 | Orc:1    | Reached XP level 15. HP: 65/148 MP: 15/15
 19277 | Orc:1    | Found Xomac's Antique Armour Shop.
 19725 | Orc:2    | Found a bloodstained altar of Trog.
 19857 | Orc:1    | Noticed Urug
 19867 | Orc:1    | Killed Urug
 20308 | Orc:2    | Noticed an orc warlord
 20374 | Orc:2    | Killed an orc warlord
 20419 | Orc:2    | Reached skill level 15 in Unarmed Combat
 20688 | Orc:2    | Found Derruocy's Weapon Shop.
 20688 | Orc:2    | Found Rubaid's Antique Armour Shoppe.
 20689 | Orc:2    | Found Uqogoloe's Armour Emporium.
 20689 | Orc:2    | Found Cuce's Magic Scroll Shop.
 20747 | Orc:2    | Bought a +1 tower shield of fire resistance for 231 gold
                  | pieces
 20768 | Orc:2    | Bought a scroll of fear for 49 gold pieces
 20768 | Orc:2    | Bought a scroll of teleportation for 42 gold pieces
 20768 | Orc:2    | Bought a scroll of teleportation for 42 gold pieces
 20768 | Orc:2    | Bought a scroll of enchant weapon for 105 gold pieces
 20991 | D:12     | Noticed Azrael
 21004 | D:12     | Killed Azrael
 22123 | D:13     | You fall into a shaft and drop 2 floors!
 22123 | D:15     | Entered Level 15 of the Dungeon
 22368 | D:15     | HP: 3/149 [komodo dragon (11)]
 22604 | D:15     | Reached skill level 10 in Fighting
 22793 | D:15     | Paralysed by an ogre mage for 5 turns
 22903 | D:15     | Found a runed translucent gate.
 22903 | D:15     | Noticed Sapheram's ghost (journeyman DsGl)
 22905 | D:15     | Found a runed translucent gate.
 22905 | D:15     | Found a runed translucent gate.
 23366 | D:15     | Annihilated by a titanic slime creature

Illustrated notes

Levels and vault maps discovered:
D:1:      evilmike_arrival_hilbert_curve, layout_basic,
          minmay_misc_feat_four_crosses
D:2:      layout_basic, uniq_jessica, uniq_terence, uniq_sigmund
D:3:      layout_rooms, old_standard_altar, uniq_ijyb, uniq_grinder
D:4:      layout_rooms, gup_sewer_entry_pipe, kennysheep_another_room,
          uniq_crazy_yiuf_cottage
D:5:      layout_cave_pools, nicolae_qazlal_style_of_elements,
          eat_drink_and_be_merry_uskayaw, kennysheep_mini_moat
D:6:      layout_basic, minmay_temple_entry_arrows
D:7:      layout_basic, okawaru_humans
D:8:      layout_gridville, grunt_temple_overflow_open, serial_shops,
          nicolae_shop_trees, minmay_misc_feat_roman, minmay_misc_feat_encased,
          yredelemnul_altar_generic
D:9:      minmay_sliced_demisemicircle, layout_loops_ring, lemuel_round_altar,
          serial_shops, nicolae_shop_temple_entry_statues_fountains,
          uniq_gastronok, uniq_joseph
D:10:     layout_gridville, minmay_increasing_density
D:11:     layout_roguey, erik_lair_island, orc_0_dummy, special_room
          [special_room_orc]
D:12:     layout_loops_ring, uniq_azrael
D:13:     layout_gridville, enter_bailey_3, minmay_holes
D:15:     gammafunk_enter_depths_forms, layout_stronghold,
          ebering_ghost_rock_garden, minmay_misc_feat_rugged
Lair:1:   layout_loops_ring, tgw_fedhas, infiniplex_staircase_pool
Lair:2:   layout_hall_layers, lemuel_oklob_altar
Lair:3:   layout_roguey, beast_lair_carwin_10
Lair:4:   layout_cave_pods, minmay_swamp_entry_swarm,
          guppyfry_snake_entry_garden, gauntlet_entry_generic,
          gammafunk_ghost_cemetery, serial_bayou_pond_e, grunt_megastairs_4,
          lemuel_fruit_fields
Lair:5:   layout_regular_city, nicolae_volcano_entry_vermiform,
          grunt_megastairs_2
Lair:6:   cheibrodos_lair_end_hotspot, layout_loops_ring,
          dpeg_slime_entry_corner
Orc:1:    layout_caves, serial_shops, nicolae_shop_trees,
          nicolae_orc_stony_grotto, uniq_jorgrun, uniq_urug
Orc:2:    st_orc_ogre_mass, layout_diamond_mine, basic_altar

Skill      XL: |  1  2  3  4  5  6  7  8  9 10 11 12 13 14 15 |
---------------+----------------------------------------------+-----
Dodging        | 3 4 5 6 7 8 10 | 10.6
Unarmed Combat | 4 5 7 8 9 11 12 13 14 15 | 15.7
Fighting       | 3 4 5 6 7 8 9 10 | 10.1
Stealth        | 2 3 4 |  4.7
Shields        | 1 3 4 6 9 11 12 | 12.9
Evocations     | 1 2 |  2.2
Throwing       | 2 3 5 6 |  6.3
Maces & Flails | 2 3 |  3.1
Armour         | 1 |  1.0
Earth Magic    | 1 |  1.1
Spellcasting   | |  0.9

Action                   |  1- 3 |  4- 6 |  7- 9 | 10-12 | 13-15 || total
-------------------------+-------+-------+-------+-------+-------++-------
Melee: Unarmed           |    71 |   169 |   424 |   537 |   905 ||  2106
       Punch             |       |     2 |     7 |       |       ||     9
       Whip              |       |       |       |    38 |       ||    38
       Flail             |       |       |       |       |    25 ||    25
Throw: Large rock        |       |       |       |       |    15 ||    15
       Throwing net      |       |       |       |       |     1 ||     1
Invok: Potion Petition   |       |       |       |     1 |     5 ||     6
Evoke: Wand              |       |     3 |       |     8 |     5 ||    16
  Use: Scroll            |       |     2 |     7 |    21 |    11 ||    41
       Potion            |       |       |     2 |     5 |    10 ||    17
 Stab: Sleeping          |     4 |     3 |     7 |     9 |     8 ||    31
       Distracted        |       |       |     1 |     2 |    10 ||    13
       Invisible         |       |       |       |       |     7 ||     7
       Held in net/web   |       |       |       |       |     4 ||     4
Armor: Robe              |    21 |    69 |    98 |   106 |   116 ||   410
Dodge: Dodged            |    44 |   119 |   267 |   343 |   452 ||  1225
Block: Kite shield       |       |       |    97 |   316 |   394 ||   807
       Tower shield      |       |       |       |       |   154 ||   154

Table legend: (Time is in decaauts)
 A = Elapsed time spent in this place.
 B = Non-inter-level travel time spent in this place.
 C = Inter-level travel time spent in this place.
 D = Time resting spent in this place.
 E = Time spent auto-exploring this place.
 F = Levels seen in this place.
 G = Mean time per level.
                   A        B        C        D        E       F      G
               +--------+--------+--------+--------+--------+-----+--------+
         Total |  23086 |  20513 |   2573 |   1344 |  14528 |  23 | 1003.7 |
       Dungeon |  12842 |  11094 |   1748 |    784 |   7783 |  14 |  917.3 |
          Lair |   7335 |   6841 |    494 |    403 |   5337 |   6 | 1222.5 |
  Orcish Mines |   2084 |   1754 |    330 |    156 |   1042 |   2 | 1042.0 |
         Sewer |    823 |    823 |      0 |      0 |    366 |   1 |  823.0 |
               +--------+--------+--------+--------+--------+-----+--------+

Top non-repeatable levels by time:
     D:9: 1773 daAuts
  Lair:6: 1699 daAuts
  Lair:5: 1315 daAuts
  Lair:4: 1302 daAuts
    D:10: 1288 daAuts
  Lair:3: 1265 daAuts
    D:15: 1215 daAuts
    D:11: 1206 daAuts
   Orc:2: 1153 daAuts
     D:7: 992 daAuts
  Lair:2: 986 daAuts
     D:6: 971 daAuts
     D:1: 937 daAuts
   Orc:1: 930 daAuts
     D:8: 901 daAuts
